 Dungeon Crawl Stone Soup version 0.31-a0-799-g6bc09d010c (webtiles) character file.

Game seed: 18128073819546238328

8387 DocEon the Magus (level 11, -14/73 HPs)
             Began as a Merfolk Gladiator on Sept 19, 2023.
             Was an Elder of Nemelex Xobeh.
             Demolished by a two-headed ogre
             ... wielding a +0 dire flail
              (30 damage)
             ... on level 10 of the Dungeon.
             The game lasted 00:11:27 (11470 turns).

DocEon the Magus (Merfolk Gladiator)               Turns: 11470, Time: 00:11:27

Health: -14/73     AC:  9    Str: 18    XL:     11   Next: 30%
Magic:  21/21      EV: 13    Int:  7    God:    Nemelex Xobeh [****..]
Gold:   670        SH:  4    Dex: 17    Spells: 10/10 levels left

rFire   . . .        B - +2 trident (heavy)
rCold   . . .        q - +0 buckler
rNeg    . . .        f - +0 steam dragon scales
rPois   .            c - +1 helmet
rElec   .            m - +0 cloak
rCorr   .            (no gloves)
SInv    .            g - +0 pair of boots
Will    .....        (no amulet)
Stlth   ++           (no ring)
HPRegen 0.32/turn    (no ring)
MPRegen 0.17/turn

%: no passive effects
@: no status effects
A: (nimble swimmer 2), mertail
a: Renounce Religion, Draw Escape, Draw Destruction, Draw Summoning, Triple
Draw, Deal Four


You were on level 10 of the Dungeon.
You worshipped Nemelex Xobeh.
Nemelex Xobeh was greatly pleased with you.
You visited 1 branch of the dungeon, and saw 10 of its levels.
You also visited: Sewer.

You collected 670 gold pieces.

Inventory:

Hand Weapons
 B - a +2 heavy trident (weapon)
Missiles
 d - 3 throwing nets (quivered)
 e - a javelin
Armour
 b - a +0 leather armour
 c - a +1 helmet (worn)
 f - +0 steam dragon scales (worn)
 g - a +0 pair of boots (worn)
 m - a +0 cloak (worn)
 q - a +0 buckler (worn)
Wands
 a - a wand of charming (5)
 i - a wand of polymorph (10)
 s - a wand of iceblast (29)
 x - a wand of mindburst (3)
Scrolls
 h - 2 scrolls of amnesia
 r - a scroll of vulnerability
 t - a scroll of fog
 w - 2 scrolls of immolation
 y - a scroll of enchant weapon
 z - a scroll of fear
Potions
 j - 2 potions of cancellation
 k - 2 potions of invisibility
 l - a potion of degeneration
 n - a potion of haste
 o - a potion of lignification
 p - 2 potions of resistance {unknown}
 u - a potion of might
 v - a potion of attraction
 A - a potion of enlightenment {unknown}


   Skills:
 - Level 2.5 Fighting
 - Level 14.0 Polearms
 - Level 2.2 Throwing
 - Level 4.2 Dodging
 + Level 14.6 Invocations


You had 10 spell levels left.
You didn't know any spells.
Your spell library contained the following spells:

 Spells                   Type           Power      Damage    Failure   Level
 Wereblood                Tmut           0%         N/A       67%         2
 Hailstorm                Conj/Ice       0%         3d3       88%         3
 Inner Flame              Hex/Fire       0%         N/A       88%         3
 Cause Fear               Hex            0%         N/A       99%         4
 Flame Wave               Conj/Fire      0%         2d4       99%         4
 Sticky Flame             Conj/Fire      0%         2d3       99%         4
 Summon Ice Beast         Ice/Summ       0%         N/A       99%         4
 Fireball                 Conj/Fire      0%         3d3       100%        5
 Irradiate                Conj/Tmut      0%         3d11      100%        5
 Conjure Ball Lightning   Conj/Air       0%         3x3d6     100%        6
 Simulacrum               Ice/Necr       0%         N/A       100%        6
 Malign Gateway           Summ/Tloc      0%         N/A       100%        7
 Discord                  Hex            0%         N/A       100%        8
 Disjunction              Tloc           0%         N/A       100%        8
 Summon Horrible Things   Summ           0%         N/A       100%        8
 Dragon's Call            Summ           0%         N/A       100%        9


Dungeon Overview and Level Annotations

Branches:
Dungeon (10/15)            Temple (0/1) D:6           Sewer (visited)
   Lair: D:8-11         Orc: D:9-12

Altars:
Gozag
Kikubaaqudgha
Nemelex Xobeh
Qazlal
Vehumet
Xom

Shops:
D:10 *

Annotations:
D:5 3 runed translucent doors, Babbit's ghost, novice DrIE


Innate Abilities, Weirdness & Mutations

((You are very nimble when in or above water. (Stealth+, EV+, Speed+++)))
Your lower body shifts to a powerful aquatic tail in water.


Message History

You impale the yak!!
The yak is severely wounded.
You barely miss the yak.
The yak is severely wounded.
The yak completely misses you.
You closely miss the yak.
The yak is severely wounded.
You hit the yak.
The yak is almost dead.
The yak closely misses you. The two-headed ogre misses you.
The two-headed ogre hits you with a +0 giant spiked club!
You puncture the yak!
You kill the yak!
The two-headed ogre hits you with a +0 dire flail.
You block the two-headed ogre's attack.
You hit the two-headed ogre.
The two-headed ogre is lightly wounded.
You hit the two-headed ogre.
The two-headed ogre is lightly wounded.
The two-headed ogre hits you with a +0 dire flail.
You block the two-headed ogre's attack.
You puncture the two-headed ogre!
The two-headed ogre is moderately wounded.
You closely miss the two-headed ogre.
The two-headed ogre is moderately wounded.
The two-headed ogre hits you with a +0 dire flail!!
The two-headed ogre hits you with a +0 giant spiked club.
You hit the two-headed ogre but do no damage.
The two-headed ogre is moderately wounded.
The two-headed ogre misses you.
The two-headed ogre hits you with a +0 giant spiked club!
You puncture the two-headed ogre!
The two-headed ogre is heavily wounded.
You puncture the two-headed ogre!
The two-headed ogre is severely wounded.
The two-headed ogre hits you with a +0 dire flail!
* * * LOW HITPOINT WARNING * * *
The two-headed ogre hits you with a +0 giant spiked club!!
You die...
Your body disappears without a glow.

##......#....)#.##
#.#..........###
###...........#
###.........#
###..........#
#.....<......####
#...............#
#........#......#
####....####†@..# ## .
##.##.....####O### #.# ..
#..........##YYY# #..#...
...........###Y###
......#
............#.Y..##..O..#
..........<.#.....O..#
..................∩.##
.......###........YY....
....... #....#.....Y....Y


You could see a two-headed ogre and 5 yaks.

Vanquished Creatures
  A gargoyle (D:9)
  A hornet (D:8)
  Sigmund (D:3)
  6 yaks
  Eustachio (D:4)
  A steam dragon (D:6)
  A water moccasin (D:8)
  An acid dragon (D:6)
  Duvessa (D:7)
  4 ice beasts
  A black bear (D:7)
  6 orc warriors
  2 centaurs (D:8)
  4 ogres
  A phantom (D:5)
  2 kobold brigands
  Blork the orc (D:5)
  6 bullfrogs
  8 scorpions
  14 wights
  Dowan (D:7)
  14 killer bees
  2 howler monkeys (D:8)
  2 jellies (D:6)
  5 orc priests
  5 hounds
  3 gnoll boudas
  3 sleepcaps
  4 iguanas
  9 orc wizards
  Robin (D:4)
  16 gnolls
  6 adders
  A shadow imp (D:7)
  A white imp (D:5)
  2 ufetubi (D:4)
  A worm (D:3)
  32 orcs
  14 ball pythons
  9 endoplasms
  12 giant cockroaches
  13 goblins
  8 hobgoblins
  4 jackals (D:3)
  14 quokkas
  4 bats
  11 frilled lizards
  11 kobolds
  5 rats
276 creatures vanquished.

Vanquished Creatures (collateral kills)
  A cyclops (D:7)
  2 bullfrogs (Sewer)
  2 orc priests (D:7)
  An endoplasm (Sewer)
  A frilled lizard (Sewer)
7 creatures vanquished.

Vanquished Creatures (others)
  Erica (D:8)
1 creature vanquished.

Grand Total: 284 creatures vanquished

Notes
Turn   | Place    | Note
-------+----------+-------------------------------------------
     0 | D:1      | DocEon the Merfolk Gladiator began the quest for the Orb.
     0 | D:1      | Reached XP level 1. HP: 16/16 MP: 1/1
   156 | D:1      | Reached XP level 2. HP: 15/23 MP: 2/2
   581 | D:2      | Reached XP level 3. HP: 28/28 MP: 3/3
   591 | D:2      | Reached skill level 5 in Polearms
   975 | D:2      | Found an ancient bone altar of Kikubaaqudgha.
  1544 | D:3      | Found a radiant altar of Vehumet.
  1811 | D:3      | Noticed Sigmund
  1823 | D:3      | Killed Sigmund
  1824 | D:3      | Reached XP level 4. HP: 27/34 MP: 4/4
  1824 | D:3      | Reached XP level 5. HP: 31/39 MP: 5/5
  1824 | D:3      | Reached XP level 6. HP: 36/46 MP: 6/6
  2153 | D:3      | Found a faded altar of an unknown god.
  2438 | D:3      | Prayed at the altar of an unknown god.
  2438 | D:3      | Became a worshipper of Nemelex Xobeh the Trickster
  2438 | D:3      | Reached * piety under Nemelex Xobeh
  2438 | D:3      | Received a gift from Nemelex Xobeh
  2490 | D:4      | Found a glowing drain.
  2510 | Sewer    | Entered a sewer
  2642 | Sewer    | Reached skill level 1 in Invocations
  2739 | Sewer    | Reached XP level 7. HP: 26/51 MP: 6/8
  3375 | D:4      | Reached skill level 10 in Polearms
  3760 | D:4      | Noticed Robin
  3789 | D:4      | Killed Robin
  3901 | D:4      | Noticed Eustachio
  3924 | D:4      | Received a gift from Nemelex Xobeh
  3925 | D:4      | Killed Eustachio
  4100 | D:4      | Found a shimmering altar of Xom.
  4132 | D:4      | Reached XP level 8. HP: 57/57 MP: 9/11
  4316 | D:4      | Reached ** piety under Nemelex Xobeh
  4351 | D:5      | Entered Level 5 of the Dungeon
  4564 | D:5      | Found a runed translucent gate.
  4564 | D:5      | Found a runed translucent gate.
  4565 | D:5      | Found a runed translucent gate.
  4567 | D:5      | Noticed Babbit's ghost (novice DrIE)
  4574 | D:5      | Noticed Blork the orc
  4579 | D:5      | Killed Blork the orc
  4737 | D:5      | Found a stormy altar of Qazlal.
  4857 | D:5      | Reached skill level 5 in Invocations
  5690 | D:5      | Reached XP level 9. HP: 57/62 MP: 13/13
  6535 | D:6      | Found a staircase to the Ecumenical Temple.
  6765 | D:6      | Received a gift from Nemelex Xobeh
  7276 | D:7      | Noticed a cyclops
  7311 | D:7      | Reached XP level 10. HP: 20/68 MP: 17/17
  7315 | D:7      | Killed a cyclops
  7316 | D:7      | Reached skill level 10 in Invocations
  7659 | D:7      | Identified the +2 falchion "Beast's Undoing" {vamp, rPois}
  7955 | D:7      | Noticed Dowan
  7958 | D:7      | Noticed Duvessa
  7964 | D:7      | Killed Dowan
  7971 | D:7      | Killed Duvessa
  8324 | D:7      | Reached *** piety under Nemelex Xobeh
  8730 | D:8      | Received a gift from Nemelex Xobeh
  9558 | D:8      | Noticed Erica
  9568 | D:8      | Killed Erica
  9569 | D:8      | HP: 2/68 [poisoned by Erica (bolt of poison)]
  9846 | D:8      | Reached XP level 11. HP: 47/66 MP: 19/21
  9878 | D:8      | HP: 3/61 [poisoned by a killer bee]
 10157 | D:8      | Received a gift from Nemelex Xobeh
 10311 | D:8      | Found an opulent altar of Gozag.
 10558 | D:9      | Reached **** piety under Nemelex Xobeh
 11396 | D:10     | Entered Level 10 of the Dungeon
 11396 | D:10     | Received a gift from Nemelex Xobeh
 11442 | D:10     | Found Joatz's General Store.
 11445 | D:10     | Noticed a two-headed ogre
 11470 | D:10     | Demolished by a two-headed ogre

Illustrated notes

Levels and vault maps discovered:
D:1:      lordsloth_arrival_two_stooges, layout_loops_ring
D:2:      layout_basic, basic_altar
D:3:      layout_basic, fiery_altar_vehumet, nicolae_ecumenical_oubliette,
          uniq_sigmund
D:4:      layout_rooms, xom_teletrap_fun, gup_sewer_entry_pipe, uniq_robin,
          uniq_eustachio
D:5:      layout_layer_cave, mainiacjoe_overflow_paths,
          gammafunk_ghost_necromancy, corexii_corridor_pit,
          kennysheep_generic_room_9, uniq_blork_the_orc
D:6:      layout_basic, minmay_temple_entry_grid, serial_glass, glass_columns_a,
          glass_columns_c
D:7:      layout_rooms, uniq_duvessa
D:8:      layout_loops_corners, kennysheep_mini, uniq_erica
D:9:      layout_roguey
D:10:     layout_cave_pools, grunt_dithmenos_smoke, erik_lair_island,
          serial_shops, shop, hellmonk_guarded_unrand_night

Skill      XL: |  1  2  3  4  5  6  7  8  9 10 11 |
---------------+----------------------------------+-----
Polearms       | 8 9 10 12 14 | 14.0
Invocations    | 2 4 5 9 13 14 | 14.6
Fighting       | |  2.5
Throwing       | |  2.2
Dodging        | |  4.2

Action                     |  1- 3 |  4- 6 |  7- 9 | 10-12 || total
---------------------------+-------+-------+-------+-------++-------
  Melee: Trident           |    96 |   104 |   329 |   315 ||   844
         Tailslap          |       |     3 |       |       ||     3
 Invoke: Draw Summoning    |       |     1 |     1 |     1 ||     3
         Draw Destruction  |       |       |     5 |     6 ||    11
         Draw Escape       |       |       |       |     1 ||     1
  Evoke: Wand              |       |       |     1 |     6 ||     7
    Use: Potion            |     1 |       |     1 |     5 ||     7
         Scroll            |       |     9 |     9 |     6 ||    24
   Stab: Sleeping          |     2 |     6 |     2 |     3 ||    13
 Armour: Leather armour    |    26 |    31 |   188 |       ||   245
         Steam dragon scal |       |       |    42 |   190 ||   232
  Dodge: Dodged            |    40 |    76 |   210 |   191 ||   517
  Block: Buckler           |    10 |    28 |    82 |    51 ||   171

Table legend: (Time is in decaauts)
 A = Elapsed time spent in this place.
 B = Non-inter-level travel time spent in this place.
 C = Inter-level travel time spent in this place.
 D = Time resting spent in this place.
 E = Time spent auto-exploring this place.
 F = Levels seen in this place.
 G = Mean time per level.
                   A        B        C        D        E       F      G
               +--------+--------+--------+--------+--------+-----+--------+
         Total |  11490 |  11023 |    467 |   2898 |   6076 |  11 | 1044.5 |
       Dungeon |  10977 |  10510 |    467 |   2729 |   5934 |  10 | 1097.7 |
         Sewer |    512 |    512 |      0 |    169 |    141 |   1 |  512.0 |
               +--------+--------+--------+--------+--------+-----+--------+

Top non-repeatable levels by time:
     D:8: 1863 daAuts
     D:5: 1618 daAuts
     D:7: 1486 daAuts
     D:3: 1374 daAuts
     D:4: 1325 daAuts
     D:6: 1021 daAuts
     D:9: 878 daAuts
     D:2: 765 daAuts
     D:1: 570 daAuts
   Sewer: 512 daAuts
    D:10: 72 daAuts
